 Dungeon Sprint DCSS version 0.21-a0-286-g6fcecc0 (webtiles) character file.

11391 potatolord6000 the Peltast (level 12, -6/96 HPs)
             Began as a Formicid Fighter on Sept 27, 2017.
             Was a High Priest of Hepliaklqana.
             Killed from afar by a lich (26 damage)
             ... with a bolt of acid
             ... in the Dungeon (Sprint V: "Ziggurat Sprint").
             The game lasted 00:08:36 (1294 turns).

potatolord6000 the Peltast (Formicid Fighter)       Turns: 1294, Time: 00:08:38

Health: -6/96      AC: 33    Str: 40      XL:     12   Next: 7%
Magic:  23/23      EV:  9    Int:  9      God:    Hepliaklqana [*****.]
Gold:   0          SH: 37    Dex: 14 (15) Spells: 11/11 levels left

rFire    + . .     SeeInvis +   B - +11 plutonium sword {*Contam Stlth-}
rCold    + . .     Gourm    .   A - +18 shield of the Gong {rElec rN+ MR+ EV-5}
rNeg     + . .     Faith    .   y - +15 Maxwell's patent armour {-Cast -Tele rElec MR+ rCorr}
rPois    +         Spirit   .   (helmet unavailable)
rElec    +         Reflect  +   (no cloak)
rCorr    +         Harm     .   b - +0 pair of gloves {archery}
MR       +++..     NoCast   +   (no boots)
Stlth    ..........             a - amulet of Dorgh {Reflect Str+3 SH+3}
HPRegen  0.26/turn              j - +6 ring of strength
MPRegen  0.18/turn              k - +6 ring of strength

@: agile, resistant, very slightly contaminated, invisible (expiring)
A: permanent stasis, dig shafts and tunnels, four strong arms, reduced essence,
antennae 3, deterioration 1
a: Dig, Recall Ancestor, Ancestor Identity, Transference, Idealise, Renounce
Religion


You were in the Dungeon.
You worshipped Hepliaklqana.
Hepliaklqana was extremely pleased with you.
You were not hungry.

You visited 1 branch

Inventory:

Hand Weapons
 B - the +11 plutonium sword (weapon) {*Contam Stlth-}
   (You found it in the Dungeon)

   It causes magical contamination when unequipped.
   It makes you less stealthy.
Armour
 b - a +0 pair of gloves of archery (worn)
 y - the +15 Maxwell's patent armour (worn) {-Cast -Tele rElec MR+ rCorr}
   (You found it in the Dungeon)

   It insulates you from electricity.
   It affects your resistance to hostile enchantments.
   It prevents spellcasting.
   It prevents most forms of teleportation.
   It protects you from acid and corrosion.
 A - the +18 shield of the Gong (worn) {rElec rN+ MR+ EV-5}
   (You found it in the Dungeon)

   It affects your evasion (-5).
   It insulates you from electricity.
   It protects you from negative energy.
   It affects your resistance to hostile enchantments.
Jewellery
 a - the amulet of Dorgh (around neck) {Reflect Str+3 SH+3}
   (You found it in the Dungeon)

   [amulet of reflection]

   It shields you and reflects attacks.
   It affects your strength (+3).
   It affects your SH (+3).
 j - a +6 ring of strength (left hand)
 k - a +6 ring of strength (right hand)
Scrolls
 c - 2 scrolls of brand weapon
 q - 4 scrolls of amnesia
 r - 3 scrolls of recharging
 s - 7 scrolls of fog
 t - a scroll of holy word
 u - 5 scrolls of identify
 v - 5 scrolls of remove curse
 w - 2 scrolls of fear
Potions
 d - 3 potions of might
 e - 9 potions of curing
 g - 10 potions of heal wounds
 i - 7 potions of magic
 l - 2 potions of brilliance
 n - 3 potions of resistance
 p - 3 potions of agility
Comestibles
 f - 5 bread rations
 x - 42 fruits
 z - 3 meat rations


   Skills:
 + Level 14.2 Fighting
 + Level 12.8 Long Blades
   Level 2.0 Axes
 + Level 14.2 Armour
 + Level 15.2 Shields
 + Level 14.9 Invocations


You had 11 spell levels left.
You didn't know any spells.

Dungeon Overview and Level Annotations

Branches:
Dungeon (1/1)

Altars:
Ashenzari
Cheibriados
Dithmenos
Elyvilon
Fedhas
Gozag
Hepliaklqana
Kikubaaqudgha
Makhleb
Nemelex Xobeh
Okawaru
Qazlal
Ru
Sif Muna
Trog
Uskayaw
Vehumet
Wu Jian
Xom
Yredelemnul
Zin
The Shining One
Beogh
Jiyva
Lugonu


Innate Abilities, Weirdness & Mutations

You cannot be hasted, slowed, berserked, paralysed or teleported.
You can dig through walls and to a lower floor.
Your four strong arms can wield two-handed weapons with a shield.
You have a pair of large antennae on your head. (SInv)
Your life essence is reduced to manifest your ancestor. (-10% HP)
Your body sometimes deteriorates upon taking damage.


Message History

* * * LOW HITPOINT WARNING * * *
The bolt of fire hits the vampire mage.
The bolt of fire misses the quokka zombie.
The vampire knight hits you with a long sword.
* * * LOW HITPOINT WARNING * * *
You block the vampire knight's attack.
PTOANNNG!
The lich touches you but does no damage.
You block the vampire mage's attack.
BOUMMMMG!
The vampire mage bites you but does no damage.
You barely miss the vampire knight.
You flicker for a moment.
You block the vampire knight's attack.
BONNNG!
You block the vampire knight's attack.
GONNNNG!
The lich points at you and mumbles some strange words.
The bolt of acid hits you! You resist.
You die...

▓..=}:.}..▓.
▓..}[:.[..▓..[)):)..▓.
▓.........▓.........▓.
▓.........▓.........▓.
▓.........▓.........▓.
▓.........▓....[....▓.
▓....W....▓...[[[...▓.
▓.▓.LVV.▓.▓.........▓.
▓..zp@VZ..▓....©....▓▓
▓▓▓▓▓▓▓▓▓▓▓▓▓▓▓▓▓▓▓▓▓


{{{{{{{{ { {{{{{{{{{{ {{{{{{{{{{ {{{{{{{{{{ {{{{{{{{{{ {{{{{{{{{{ {{{{{ You
could see a lich, a vampire knight (invisible), a flayed ghost, a vampire mage
(invisible), a necromancer (invisible), a vampire (invisible), a wight and a
quokka zombie (wandering).

Vanquished Creatures
  A ghoul (D)
  3 spriggans (D)
  3 necromancers (D)
  3 deep elf magi (D)
  An ugly thing (D)
  A shining eye (D)
  A black mamba (D)
  2 eyes of devastation (D)
  A rime drake (shapeshifter) (D)
  2 hornets (D)
  A queen bee (shapeshifter) (D)
  A wind drake (shapeshifter) (D)
  A slime creature (D)
  An air elemental (D)
  3 shadows (D)
  A yak (D)
  2 golden eyes (D)
  A neqoxec (D)
  A naga (D)
  2 water moccasins (D)
  A floating eye (D)
  2 black bears (D)
  3 phantoms (D)
  2 eyes of draining (D)
  A wolf (D)
  5 wights (D)
  A jelly (D)
  An iguana (D)
  A mummy (D)
  2 adders (D)
  An ancestor (D)
  2 oozes (D)
  An adder skeleton (D)
  A ball python (D)
  A bat skeleton (D)
  A jackal (D)
  A quokka skeleton (D)
59 creatures vanquished.

Vanquished Creatures (collateral kills)
  A spriggan (D)
  A water moccasin (D)
  A porcupine (D)
  A black bear (shapeshifter) (D)
  A phantom (D)
  A wight (D)
  A jelly (D)
  A mummy (D)
  An adder zombie (D)
  A ball python (D)
  2 bat zombies (D)
  A jackal (D)
13 creatures vanquished.

Vanquished Creatures (others)
  A knight (D)
1 creature vanquished.

Grand Total: 73 creatures vanquished

Notes
Turn   | Place    | Note
-------+----------+-------------------------------------------
     0 | D        | Found the +6 Majin-Bo {vamp, Archmagi MP+6 Int+6}
     0 | D        | Found the +7 great mace "Firestarter" {inner flame, rF++}
     0 | D        | potatolord6000 the Formicid Fighter began the quest for the Orb.
     0 | D        | Reached XP level 1. HP: 18/18 MP: 1/1
     0 | D        | Found a blossoming altar of Fedhas.
     1 | D        | Found a deep blue altar of Sif Muna.
     1 | D        | Found a sacrificial altar of Ru.
     1 | D        | Found a bloodstained altar of Trog.
     1 | D        | Found a stormy altar of Qazlal.
     1 | D        | Found an iron altar of Okawaru.
     1 | D        | Found a sparkling altar of Nemelex Xobeh.
     3 | D        | Found a transporter.
     3 | D        | Found an ancient bone altar of Kikubaaqudgha.
     3 | D        | Found a viscous altar of Jiyva.
     3 | D        | Found a corrupted altar of Lugonu.
     3 | D        | Found a hazy altar of Hepliaklqana.
     3 | D        | Found a burning altar of Makhleb.
     3 | D        | Found an opulent altar of Gozag.
    26 | D        | Found the +9 heavy crossbow "Sniper" {velocity, Acc+∞ SInv}
    26 | D        | Found the +10 dark maul {crush}
    26 | D        | Found the +15 Maxwell's patent armour {-Cast -Tele rElec MR+ rCorr}
    26 | D        | Found the +18 shield of the Gong {rElec rN+ MR+ EV-5}
    26 | D        | Found the cursed +14 obsidian axe {chop, +Fly SInv *Curse}
    28 | D        | Found the +6 shillelagh "Devastator" {shatter}
    28 | D        | Found the +11 plutonium sword {*Contam Stlth-}
    28 | D        | Found the +8 lance "Wyrmbane" {slay drac, rPois rF+ rC+ AC+3}
    28 | D        | Found the +9 sword of Zonguldrok {reap}
    28 | D        | Found the cursed +13 scythe of Curses {drain, *Curse}
    28 | D        | Found the +0 sword of Power
    28 | D        | Found the -4 mace of Variability {chaos}
    28 | D        | Found the +7 Singing Sword
    28 | D        | Found the +7 longbow "Piercer" {penet, EV-2}
   114 | D        | Became a worshipper of Hepliaklqana the Forgotten
   121 | D        | Entered arena 2.
   121 | D        | Noticed an eye of draining
   121 | D        | Noticed a jelly
   121 | D        | Found a transporter.
   123 | D        | Killed a jelly
   123 | D        | Reached skill level 4 in Shields
   123 | D        | Reached XP level 2. HP: 23/23 MP: 0/4
   123 | D        | Reached XP level 3. HP: 27/27 MP: 0/5
   126 | D        | Killed an eye of draining
   126 | D        | Reached skill level 5 in Fighting
   126 | D        | Reached skill level 5 in Armour
   126 | D        | Reached skill level 6 in Shields
   126 | D        | Reached XP level 4. HP: 36/36 MP: 0/7
   126 | D        | Reached XP level 5. HP: 41/41 MP: 0/8
   194 | D        | Entered arena 3.
   194 | D        | Noticed a floating eye
   194 | D        | Noticed a golden eye
   194 | D        | Found a transporter.
   194 | D        | Reached * piety under Hepliaklqana
   198 | D        | Killed a floating eye
   198 | D        | Reached skill level 5 in Long Blades
   198 | D        | Reached skill level 7 in Shields
   198 | D        | Reached XP level 6. HP: 47/47 MP: 8/10
   208 | D        | Killed a golden eye
   208 | D        | Reached skill level 8 in Shields
   237 | D        | Reached skill level 9 in Shields
   237 | D        | Reached XP level 7. HP: 56/56 MP: 11/13
   253 | D        | Entered arena 4.
   253 | D        | Noticed a deep elf mage
   253 | D        | Noticed a deep elf mage
   253 | D        | Noticed a deep elf mage
   253 | D        | Noticed an air elemental
   253 | D        | Found a transporter.
   257 | D        | Killed an air elemental
   257 | D        | Reached XP level 8. HP: 55/63 MP: 14/14
   260 | D        | Killed a deep elf mage
   260 | D        | Reached skill level 10 in Shields
   266 | D        | Killed a deep elf mage
   266 | D        | Reached skill level 10 in Fighting
   266 | D        | Reached skill level 10 in Armour
   266 | D        | Reached skill level 11 in Shields
   266 | D        | Reached skill level 10 in Invocations
   266 | D        | Reached XP level 9. HP: 15/70 MP: 16/16
   269 | D        | Killed a deep elf mage
   528 | D        | Entered arena 5.
   528 | D        | Found a transporter.
   528 | D        | Reached ** piety under Hepliaklqana
   529 | D        | Remembered your ancestor Zayda as a knight
   547 | D        | Entered arena 6.
   547 | D        | Found a transporter.
   559 | D        | Got the amulet of Dorgh {Reflect Str+3 SH+3}
   576 | D        | Entered arena 7.
   576 | D        | Noticed a rime drake
   576 | D        | Noticed a wind drake
   576 | D        | Noticed a brown ugly thing
   579 | D        | Found a transporter.
   580 | D        | Gained mutation: Your body sometimes deteriorates upon taking damage. [a neqoxec]
   581 | D        | Noticed a queen bee
   581 | D        | a shapeshifter changed into a queen bee
   582 | D        | Killed a rime drake
   582 | D        | Reached skill level 12 in Shields
   582 | D        | Reached XP level 10. HP: 66/79 MP: 18/18
   583 | D        | Killed a brown ugly thing
   583 | D        | Reached skill level 10 in Long Blades
   640 | D        | Entered arena 8.
   640 | D        | Reached *** piety under Hepliaklqana
   641 | D        | Found a transporter.
   678 | D        | Entered arena 9.
   678 | D        | Noticed a spriggan rider
   678 | D        | Noticed a spriggan rider
   678 | D        | Reached **** piety under Hepliaklqana
   683 | D        | Found a transporter.
   685 | D        | Killed a spriggan rider
   685 | D        | Reached skill level 13 in Shields
   688 | D        | Killed a spriggan rider
   688 | D        | Reached XP level 11. HP: 74/86 MP: 20/20
   829 | D        | Entered arena 10.
   829 | D        | Noticed a shining eye
   833 | D        | Found a transporter.
   840 | D        | Reached skill level 14 in Shields
   844 | D        | Killed a shining eye
   968 | D        | Entered arena 11.
   968 | D        | Reached ***** piety under Hepliaklqana
   969 | D        | Found a transporter.
   990 | D        | Got the amulet "Guguyjudd" {Harm *Drain Str+5}
  1041 | D        | Entered arena 12.
  1041 | D        | Noticed a ghoul
  1043 | D        | Noticed a necromancer
  1043 | D        | Noticed a necromancer
  1048 | D        | Killed a ghoul
  1052 | D        | Killed a necromancer
  1062 | D        | Found a transporter.
  1066 | D        | Killed a necromancer
  1066 | D        | Reached skill level 15 in Shields
  1267 | D        | Entered arena 13.
  1267 | D        | Noticed a vampire knight
  1267 | D        | Noticed a vampire mage
  1267 | D        | Noticed a necromancer
  1267 | D        | Noticed a necromancer
  1269 | D        | Noticed a lich
  1274 | D        | Noticed a flayed ghost
  1282 | D        | Reached XP level 12. HP: 96/96 MP: 23/23
  1294 | D        | Killed from afar by a lich

Vault maps used:
D:        sprint_v

Skill      XL: |  1  2  3  4  5  6  7  8  9 10 11 |
---------------+----------------------------------+-----
Fighting       | 4 5 6 8 9 10 11 12 14 | 14.2
Long Blades    | 2 4 5 7 8 9 11 12 | 12.8
Armour         | 4 5 6 8 9 10 11 12 14 | 14.2
Shields        | 4 6 7 9 11 12 13 15 | 15.2
Invocations    | 3 4 6 8 9 10 11 13 14 | 14.9
Axes           | |  2.0

Action                   |  1- 3 |  4- 6 |  7- 9 | 10-12 || total
-------------------------+-------+-------+-------+-------++-------
Melee: Triple sword      |     4 |    11 |    28 |   109 ||   152
Invok: Ancestor Life: Kn |       |       |     1 |       ||     1
       Idealise          |       |       |       |     1 ||     1
  Use: Potion            |       |     2 |     1 |     7 ||    10
 Stab: Distracted        |       |       |       |     2 ||     2
       Invisible         |       |       |       |     1 ||     1
  Eat: Meat ration       |       |       |       |     1 ||     1
Armor: Plate armour      |       |     7 |    10 |   123 ||   140
Dodge: Dodged            |       |     2 |     5 |    32 ||    39
Block: Shield            |     1 |     9 |    49 |   343 ||   402
       Reflection        |       |       |       |     1 ||     1
       Rpst.: Triple sword |       |       |     1 |     8 ||     9

Table legend:
 A = Spawn XP
 B = Non-spawn XP
 C = Spawn XP percentage of total XP
 D = Spawn monster count
 E = Non-spawn monster count
 F = Spawn count percentage of total count
 G = Total turns spent on level
                    A         B        C        D         E        F      G
               +---------+---------+-------+---------+---------+-------+---------
         Total |       0 |   15788 |   0.0 |       0 |      71 |   0.0 |  1294
               +---------+---------+-------+---------+---------+-------+---------
             D |       0 |   15788 |   0.0 |       0 |      71 |   0.0 |  1294
               +---------+---------+-------+---------+---------+-------+---------
